Unix NetHack Version 5.0.0-0 post-release - last build May 17 2026 04:57:42 (dc50c8380fa5e20985bfe3072449f57b8d9895ef,branch:main).

Game began 2026-05-18 00:04:38, ended 2026-05-18 00:15:44.

ArrBianca, lawful female dwarven Archeologist

      ---- ---                  ---------                                 ----
      |..| |..--                -.......--                                |..--
      |..---....|          ----....----..|.                             ---...|
      |.........--         |......-    .....           ----             |....--
       --........|        ...---.--     -....         .|..--           --.....
        ----.|..-| ---    ...|           ....-      .......--       ----..^.*-
           ----..---.| ---..--            ...|    |.........--   ----@.d.....|
              --#....|-.....|          ---...-    |.....  0..--  -.ddf-----.--
                --...|..-----          |.*...     |**..    -..|....----
             -------.|.--              |....^.    --...     -.....%|
   -............<......|               |.........---*..      ---...|
  --...^........---..---               ---...*........-          -.|   --.
  .*............  |.--                     -*--.....*.           |.|  ....
  ..........-     |.|                      --- ....--            |>|......
  .........-- ..- |.|                           -..|            --.......
  -.......-- -...--.|                            ..-            |..-....
   -......---.......|                                           |.(0...
   --.--......--....                                             --...
         ---.----.-                                               --.

ArrBianca the Field Worker  St:14 Dx:9 Co:11 In:16 Wi:13 Ch:10  Lawful
Dlvl:4  $:11 HP:0(35) Pw:7(7) AC:9  Xp:4 T:1451 

Latest messages:
 The jackal bites!
 The werejackal changes into a jackal.
 The werejackal summons help!
 A jackal suddenly appears close by!
 A jackal suddenly appears close by!
 A jackal suddenly appears close by!
 A jackal suddenly appears close by!
 The werejackal bites!
 You lash the werejackal.
 The coyote bites!
 The jackal bites!
 The werejackal bites!
 You hear some noises in the distance.
 You kill the werejackal!
 Welcome to experience level 4.
 The coyote bites!
 The jackal bites!
 What do you want to drink? [mp or ?*] m
 You feel better.
 The coyote bites!
 The jackal bites!
 The jackal bites!
 You lash the jackal.
 The coyote bites!
 The jackal bites!
 The jackal bites!
 You hear some noises.
 You miss the jackal.
 The coyote bites!
 The jackal bites!
 The jackal bites!
 You miss the jackal.
 The coyote bites!
 The jackal bites!
 The jackal bites!
 The kitten bites the jackal.
 The jackal is killed!
 What do you want to drink? [mp or ?*] m
 You feel better.
 The coyote bites!
 The jackal bites!
 The coyote bites!
 You miss the coyote.
 The coyote bites!
 The kitten misses the coyote.
 The kitten misses the coyote.
 You lash the coyote.
 The coyote bites!
 You die...
 Do you want an account of creatures vanquished? [ynaq] (y) q

Inventory:
 Coins    ('$')
  $ - 11 gold pieces
 Weapons  (')')
  k - 8 +0 darts
  q - 4 +0 shuriken (at the ready)
  i - a +0 orcish dagger
  a - a +2 bullwhip (weapon in right hand)
 Armor    ('[')
  c - an uncursed +0 fedora (being worn)
  n - a cursed -1 pair of fumble boots
  b - an uncursed +0 leather jacket (being worn)
 Comestibles  ('%')
  d - 7 uncursed food rations
  v - an uncursed homemade tin of homunculus meat
  u - an uncursed homemade tin of newt meat
  o - 2 uncursed lichen corpses
 Scrolls  ('?')
  y - an uncursed scroll of destroy armor
  r - an uncursed scroll of food detection
  F - a blessed scroll of identify
 Spellbooks  ('+')
  D - an uncursed spellbook of charm monster
 Potions  ('!')
  p - an uncursed potion of extra healing
 Wands    ('/')
  E - a wand of speed monster (0:5)
 Tools    ('(')
  B - an empty uncursed bag of holding
  h - an uncursed sack containing 1 item
  j - an uncursed credit card
  e - a +0 pick-axe (alternate weapon; not wielded)
  A - an uncursed skeleton key
  f - a tinning kit (0:67)
 Gems/Stones  ('*')
  g - an uncursed touchstone

Contents of the sack:
  an uncursed aquamarine stone

ArrBianca the Archeologist's attributes:

Background:
 You were a Field Worker, a level 4 female dwarven Archeologist.
 You were lawful, on a mission for Quetzalcoatl
 who was opposed by Camaxtli (neutral) and Huhetotl (chaotic).
 You were right-handed.
 You were in the Gnomish Mines, on level 4.
 You entered the dungeon 1451 turns ago.
 It was the midnight hour.
 There was a new moon in effect when your adventure ended.
 You had 84 experience points, 76 more were needed to attain level 5.

Basics:
 You had 0 out of 35 hit points.
 You had all 7 energy points (spell power).
 Your armor class was 9.
 Your wallet contained 11 zorkmids.
 Autopickup was on for '$?!/="+%' plus thrown, with exceptions.

Final Characteristics:
 Your strength was 14 (limit:18/100).
 Your dexterity was 9 (limit:20).
 Your constitution was 11 (limit:20).
 Your intelligence was 16 (limit:16).
 Your wisdom was 13 (limit:16).
 Your charisma was 10 (limit:16).

Final Status:
 You weren't hungry.
 You were unencumbered.
 You were wielding a whip.
 You had basic skill with whip.

Final Attributes:
 You were devoutly aligned.
 You were level-drain resistant.
 You had automatic searching.
 You had infravision.
 You aggravated monsters.
 You were a werejackal.
 You were harmed by silver.
 You were unlucky.
 You are dead.

Miscellaneous:
 You didn't encounter any bones levels.
 Total elapsed playing time was 11 minutes and 6 seconds.

Major events:
 Turn
    1: ArrBianca the lawful female dwarven Archeologist entered the dungeon
  546: attained the rank of Field Worker (level 3)
 1099: entered the Gnomish Mines
 1451: killed by a coyote

You didn't know any spells.

Skills:
 Fighting Skills
   bare handed combat [Unskilled]
   two weapon combat  [Unskilled]
   riding             [Unskilled]
 Weapon Skills
   dagger             [Unskilled]
   knife              [Unskilled]
   pick-axe           [Basic]
   short sword        [Unskilled]
   saber              [Unskilled]
   club               [Unskilled]
   quarterstaff       [Unskilled]
   sling              [Unskilled]
   dart               [Unskilled]
   boomerang          [Unskilled]
   whip               [Basic]
   unicorn horn       [Unskilled]
 Spellcasting Skills
   attack spells      [Unskilled]
   healing spells     [Unskilled]
   divination spells  [Unskilled]
   matter spells      [Unskilled]

Voluntary challenges:
 Character rerolling was not enabled.
 You never genocided any monsters.
 You never polymorphed an object.
 You used no wishes.
Achievements:
 You attained the rank of Field Worker.
 You entered a shop.
 You entered the Gnomish Mines.

 The Dungeons of Doom: levels 1 to 3
    Level 1:
    Level 2:
    Level 3:
       A general store, a fountain.
       Stairs down to The Gnomish Mines.
 The Gnomish Mines:
    Level 4: <- You were here.
       Final resting place for
          you, killed by a coyote.


Vanquished creatures:
  a homunculus
  2 werejackals
  2 coyotes
  a large kobold
  3 giant rats
  a green mold
  2 gnomes
  2 garter snakes
 10 jackals
  a fox
  a kobold
  a goblin
  2 sewer rats
  3 grid bugs
  a bat
  4 lichens
  3 newts
40 creatures vanquished.

No species were genocided or became extinct.

Game over:
                       ----------
                      /          \
                     /    REST    \
                    /      IN      \
                   /     PEACE      \
                  /                  \
                  |    ArrBianca     |
                  |      11 Au       |
                  |   killed by a    |
                  |      coyote      |
                  |                  |
                  |                  |
                  |       2026       |
                 *|     *  *  *      | *
        _________)/\\_//(\/(/\)/\//\/|_)_______

Goodbye ArrBianca the Archeologist...

You died in The Gnomish Mines on dungeon level 4 with 506 points,
and 11 pieces of gold, after 1451 moves.
You were level 4 with a maximum of 35 hit points when you died.

